 Dungeon Crawl Stone Soup version 0.30.1 (webtiles) character file.

Game seed: 12003978630220830019

42137 Peloso the Fencer (level 13, 0/118 HPs)
             Began as a Minotaur Fighter on July 1, 2023.
             Was the Champion of Okawaru.
             Killed from afar by a frost giant (12 damage)
             ... with a bolt of cold
             ... in an ice cave.
             The game lasted 00:33:44 (16213 turns).

Peloso the Fencer (Minotaur Fighter)               Turns: 16213, Time: 00:33:45

Health: 0/118      AC: 17    Str: 27    XL:     13   Next: 83%
Magic:  13/13      EV: 17    Int:  5    God:    Okawaru [******]
Gold:   1452       SH: 13    Dex: 19    Spells: 12/12 levels left

rFire   + + .        b - +8 double sword (flame)
rCold   + . .        d - +0 buckler {rPois}
rNeg    . . .        y - +8 ring mail of Libropt {Str+4}
rPois   +            (helmet restricted)
rElec   .            (no cloak)
rCorr   .            (no gloves)
SInv    .            f - +1 pair of boots "Idou" {-Cast rF++}
Will    .....        D - amulet of reflection
Stlth   +++          q - +6 ring of dexterity
HPRegen 0.39/turn    F - ring of protection from cold
MPRegen 0.13/turn

%: no spellcasting, reflection
@: no status effects
A: horns 2, retaliatory headbutt
a: Renounce Religion, Heroism, Finesse, Duel


You were in an ice cave.
You worshipped Okawaru.
Okawaru was exalted by your worship.
You visited 3 branches of the dungeon, and saw 16 of its levels.
You also visited: Ice Cave and Volcano.

You collected 1452 gold pieces.

Inventory:

Hand Weapons
 a - the +7 falchion of the Charming Gods {drain, Will+ rCorr}
   (You found it on level 7 of the Dungeon)

   rCorr:     It protects you from acid and corrosion.
   Will:      It increases your willpower.
 b - a +8 double sword of flaming (weapon)
Armour
 d - a +0 buckler of poison resistance (worn)
 f - the +1 pair of boots "Idou" (worn) {-Cast rF++}
   (Okawaru gifted it to you in a volcano)

   rF:        It greatly protects you from fire.
   -Cast:     It prevents spellcasting.
 y - the +8 ring mail of Libropt (worn) {Str+4}
   (You found it on level 5 of the Dungeon)

   Str:       It affects your strength (+4).
 N - the +0 pair of boots "Pocziw" {rElec rF- Str+8}
   (Okawaru gifted it to you on level 11 of the Dungeon)

   Str:       It affects your strength (+8).
   rF:        It makes you vulnerable to fire.
   rElec:     It insulates you from electricity.
Jewellery
 q - a +6 ring of dexterity (left hand)
 s - a +6 ring of dexterity
 v - a ring of positive energy
 A - an amulet of faith
 D - an amulet of reflection (around neck)
 F - a ring of protection from cold (right hand)
 L - a ring of see invisible
 W - a ring of protection from fire
 X - an amulet of guardian spirit
Wands
 m - a wand of flame (10)
 n - a wand of quicksilver (22)
 E - a wand of digging (7)
 I - a wand of polymorph (8)
 P - a wand of roots (5)
 Q - a wand of mindburst (14)
Scrolls
 h - 2 scrolls of brand weapon
 l - 3 scrolls of fear
 o - a scroll of magic mapping
 p - 2 scrolls of immolation
 r - 3 scrolls of blinking
 t - 3 scrolls of fog
 u - 3 scrolls of summoning {unknown}
 x - 8 scrolls of teleportation
 z - a scroll of noise
 C - 5 scrolls of enchant armour {unknown}
 J - a scroll of poison
 T - a scroll of silence
 V - a scroll of amnesia
Potions
 c - a potion of heal wounds
 e - 11 potions of curing
 g - 3 potions of flight
 i - a potion of mutation
 j - 4 potions of brilliance
 k - 3 potions of might
 w - 2 potions of berserk rage
 B - 3 potions of haste
 K - a potion of resistance
 M - a potion of invisibility
 O - 2 potions of cancellation
 U - a potion of magic {unknown}
Miscellaneous
 G - a box of beasts
 R - a condenser vane


   Skills:
 + Level 12.1 Fighting
 + Level 16.1 Long Blades
 + Level 2.1 Axes
 + Level 9.9 Armour
 + Level 9.4 Dodging
 + Level 5.5 Stealth
 + Level 14.6 Shields
 + Level 2.0 Invocations


You had 12 spell levels left.
You didn't know any spells.
Your spell library contained the following spells:

 Spells                   Type           Power      Damage    Failure   Level
 Beastly Appendage        Tmut           0%         N/A       63%         1
 Shock                    Conj/Air       0%         1d3       63%         1
 Blink                    Tloc           0%         N/A       77%         2
 Lesser Beckoning         Tloc           0%         N/A       77%         2
 Momentum Strike          Conj/Tloc      0%         3d8       77%         2
 Static Discharge         Conj/Air       0%         2-2/arc   77%         2
 Wereblood                Tmut           0%         N/A       77%         2
 Gell's Gravitas          Tloc           0%         N/A       94%         3
 Spider Form              Tmut/Pois      0%         N/A       94%         3
 Teleport Other           Tloc           0%         N/A       94%         3
 Vhi's Electric Charge    Tloc/Air       0%         N/A       94%         3
 Airstrike                Air            0%         2d(0-16)  100%        4
 Manifold Assault         Tloc           0%         N/A       100%        4
 Arcjolt                  Conj/Air       0%         1d10      100%        5
 Dispersal                Tloc           0%         N/A       100%        6
 Plasma Beam              Fire/Air       0%         2x1d11    100%        6
 Borgnjor's Revivificati  Necr           0%         N/A       100%        8
 Disjunction              Tloc           0%         N/A       100%        8
 Necromutation            Tmut/Necr      0%         N/A       100%        8
 Death's Door             Necr           0%         N/A       100%        9
 Summon Small Mammal      Summ           Unusable   N/A       N/A         1
 Call Canine Familiar     Summ           Unusable   N/A       N/A         3
 Summon Guardian Golem    Hex/Summ       Unusable   N/A       N/A         3
 Summon Lightning Spire   Summ/Air       Unusable   N/A       N/A         4

Dungeon Overview and Level Annotations

Branches:
Dungeon (12/15)            Temple (0/1) D:4            Lair (3/5) D:10
  Swamp (0/4) Lair:2       Spider (0/4) Lair:2          Orc (1/2) D:10
  IceCv (1/1)             Volcano (visited)

Altars:
Dithmenos
Kikubaaqudgha
Makhleb
Nemelex Xobeh
Okawaru
Qazlal
Ru
Sif Muna
Trog
Uskayaw
Vehumet
Xom
Yredelemnul
Zin
The Shining One

Shops:
D:1 :

Annotations:
D:3 3 runed translucent doors, McKennaii's ghost, amateur DgCj
D:9 Casa
Lair:2 1 runed translucent door, Merkmiralles's ghost, journeyman MiBe
Orc:1 Gastronok


Innate Abilities, Weirdness & Mutations

You have a pair of horns on your head.
You reflexively headbutt those who attack you in melee.


Message History

Okawaru accepts your kill.
Things that are here:
a death yak corpse; a polar bear corpse; a death yak corpse You start resting.
A frost giant is nearby!
You fail to use your ability.
The frost giant misses you. You furiously retaliate!
You headbutt the frost giant. You slash the frost giant!
You burn the frost giant.
The frost giant is lightly wounded.
The frost giant points at you and mumbles some strange words.
The bolt of cold hits you! You resist.
You slice the frost giant!! You burn the frost giant!
The frost giant is heavily wounded.
You block the frost giant's attack.
You completely miss the frost giant.
The frost giant is heavily wounded.
You slash the frost giant! You burn the frost giant.
The frost giant is severely wounded.
The frost giant points at you and mumbles some strange words.
The bolt of cold hits you! You resist.
You slash the frost giant! You burn the frost giant.
You headbutt the frost giant.
The frost giant is severely wounded.
The frost giant casts a spell at you. The bolt of cold hits you! You resist.
* * * LOW HITPOINT WARNING * * *
You barely miss the frost giant. You headbutt the frost giant.
The frost giant is almost dead.
You completely miss the frost giant.
The frost giant is almost dead.
The frost giant points at you and mumbles some strange words.
The bolt of cold hits you!! You resist.
* * * LOW HITPOINT WARNING * * *
Unknown command.
Blink to where?
Press: ? - help, Dir - move target
As you read the scroll of blinking, it crumbles to dust.
The frost giant gestures at you while chanting.
The bolt of cold hits you! You resist.
You die...

####..## #..#
#..# ##.#...#
#.## #.##
#..#...# #..##
#.## ###...##
##..# ##.#
#..##### #..#
##.#
#.####.####.##
##..#
#..##..[#
#..###..##
##.##...#
##..#...#
#..@...#
#.....##
##..#.##
##..†.#
#####§##
##...# ##.##C#
#..## #h.#.##
#.####
#...C..#.##
##.#!##
)$#..hh#.#
##.#.#
#.Y.#### ##.##
##.# ###


You could see a frost giant.

Vanquished Creatures
  Kirke (D:12)
  Snorg (D:11)
  Erolcha (D:10)
  A hydra (Lair:2)
  A boulder beetle (Lair:2)
  4 two-headed ogres
  12 death yaks
  Urug (Lair:3)
  Nergalle (D:10)
  2 skeletal warriors (Volcano)
  2 anaconda skeletons (Volcano)
  Pikel (D:6)
  A lindwurm (Lair:2)
  A wolf spider (Lair:2)
  A cyclops (D:12)
  2 manticores
  A black mamba (Lair:2)
  5 gargoyles (Volcano)
  2 cane toads
  An ice statue (IceCv)
  Psyche (D:10)
  4 komodo dragons
  6 kobold demonologists
  3 trolls
  3 hornets
  7 polar bears (IceCv)
  Prince Ribbit (D:7)
  3 meliai (D:12)
  A harpy skeleton (Volcano)
  A tyrant leech (Lair:2)
  3 flying skulls (Volcano)
  2 alligator skeletons (Volcano)
  4 wyverns
  2 wraiths
  2 vampires
  3 hogs (D:12)
  31 yaks
  2 humans (D:12)
  2 basilisks
  A steam dragon (D:9)
  Eustachio (D:6)
  2 vampire mosquitoes (D:12)
  A swamp worm (Lair:2)
  Duvessa (D:6)
  7 water moccasins
  7 orc warriors
  An ice beast (D:6)
  3 ogres
  27 wolves
  3 centaurs
  3 kobold brigands
  8 bullfrogs
  A gnoll sergeant (D:4)
  2 scorpions
  4 wights (D:6)
  Dowan (D:6)
  4 killer bees (D:9)
  3 troll skeletons (Volcano)
  A howler monkey (D:5)
  3 spriggan skeletons (Volcano)
  A jelly (D:5)
  2 hounds
  15 orc priests
  A sleepcap (D:5)
  3 iguanas
  13 orc wizards
  10 gnolls
  7 adders
  4 white imps
  An ufetubus (D:3)
  2 worms
  3 dart slugs
  55 orcs
  2 bats
  7 endoplasms
  6 giant cockroaches
  2 goblins
  3 hobgoblins
  3 jackals (D:2)
  20 kobolds
  3 quokkas
  5 ball pythons
  7 frilled lizards
  6 rats
388 creatures vanquished.

Vanquished Creatures (others)
  A kobold brigand (D:10)
  2 orc wizards (D:7)
  2 kobolds
5 creatures vanquished.

Grand Total: 393 creatures vanquished

Notes
Turn   | Place    | Note
-------+----------+-------------------------------------------
     0 | D:1      | Peloso the Minotaur Fighter began the quest for the Orb.
     0 | D:1      | Reached XP level 1. HP: 19/19 MP: 0/0
   249 | D:1      | Reached XP level 2. HP: 27/27 MP: 1/1
   254 | D:1      | Found Relleofe's Vocational Training.
   752 | D:2      | Identified the +5 whip "Joryur" {elec, *Rage rElec Will+}
   812 | D:2      | Reached XP level 3. HP: 33/33 MP: 2/2
  1301 | D:2      | Reached skill level 3 in Long Blades
  1554 | D:3      | Identified the +1 robe "Sobly" {rPois rN+ Regen+}
  1669 | D:3      | Reached XP level 4. HP: 37/40 MP: 3/3
  1842 | D:3      | Found a runed translucent gate.
  1842 | D:3      | Noticed McKennaii's ghost (amateur DgCj)
  2117 | D:3      | Found a runed translucent gate.
  2118 | D:3      | Found a runed translucent gate.
  2212 | D:4      | Found a shadowy altar of Dithmenos.
  2394 | D:4      | Found a sacrificial altar of Ru.
  2420 | D:4      | Found an iron altar of Okawaru.
  2487 | D:4      | Became a worshipper of Warmaster Okawaru
  2528 | D:4      | Reached skill level 4 in Long Blades
  2528 | D:4      | Reached skill level 1 in Dodging
  2545 | D:4      | Reached XP level 5. HP: 25/47 MP: 4/4
  2684 | D:4      | Found a staircase to the Ecumenical Temple.
  2758 | D:4      | Found a bloodstained altar of Trog.
  2888 | D:4      | Found a basalt altar of Yredelemnul.
  2900 | D:4      | Reached skill level 5 in Long Blades
  2915 | D:4      | Reached * piety under Okawaru
  3135 | D:5      | Entered Level 5 of the Dungeon
  3228 | D:4      | Reached XP level 6. HP: 49/53 MP: 5/5
  3251 | D:4      | Reached skill level 5 in Armour
  3534 | D:5      | Reached skill level 6 in Long Blades
  3824 | D:5      | Reached XP level 7. HP: 41/60 MP: 6/6
  4090 | D:5      | Reached ** piety under Okawaru
  4099 | D:5      | Identified the +8 ring mail of Libropt {Str+4}
  4124 | D:5      | Reached skill level 5 in Shields
  4247 | D:5      | Reached skill level 5 in Fighting
  4274 | D:5      | Reached skill level 7 in Long Blades
  4393 | D:5      | Found a shimmering altar of Xom.
  4588 | D:5      | Found a glowing silver altar of Zin.
  4789 | D:6      | Noticed Eustachio
  4808 | D:6      | Killed Eustachio
  4809 | D:6      | Reached XP level 8. HP: 67/69 MP: 7/7
  4860 | D:6      | Found a stormy altar of Qazlal.
  4937 | D:6      | Noticed Duvessa
  4939 | D:6      | Noticed Dowan
  4941 | D:6      | Reached skill level 1 in Stealth
  4957 | D:6      | Killed Dowan
  4958 | D:6      | Reached skill level 8 in Long Blades
  4971 | D:6      | Killed Duvessa
  4987 | D:6      | Noticed a two-headed ogre
  5003 | D:6      | Killed a two-headed ogre
  5004 | D:6      | Reached skill level 9 in Long Blades
  5004 | D:6      | Reached XP level 9. HP: 41/75 MP: 3/8
  5163 | D:6      | Reached *** piety under Okawaru
  5364 | D:6      | Noticed Pikel
  5382 | D:6      | Killed Pikel
  5383 | D:6      | Reached skill level 10 in Long Blades
  5428 | D:6      | Identified the +2 leather armour of Pathos {Str+3 Int+5}
  5467 | D:6      | Reached **** piety under Okawaru
  5744 | D:7      | Noticed Prince Ribbit
  5768 | D:7      | Killed Prince Ribbit
  5769 | D:7      | Reached skill level 1 in Invocations
  5883 | D:7      | Found a glowing golden altar of the Shining One.
  6062 | D:7      | Identified the +7 falchion of the Charming Gods {drain,
                  | Will+ rCorr}
  6791 | D:8      | Reached skill level 5 in Dodging
  6834 | D:8      | You fall into a shaft and drop 1 floor!
  6998 | D:9      | Reached ***** piety under Okawaru
  6999 | D:9      | Reached skill level 11 in Long Blades
  6999 | D:9      | Reached XP level 10. HP: 85/86 MP: 9/9
  7196 | D:9      | Noticed a two-headed ogre
  7206 | D:9      | Killed a two-headed ogre
  7695 | D:8      | Found a burning altar of Makhleb.
  8662 | D:10     | Entered Level 10 of the Dungeon
  8662 | D:10     | Noticed a two-headed ogre
  8671 | D:9      | Killed a two-headed ogre
  8672 | D:9      | Reached skill level 12 in Long Blades
  8678 | D:10     | Reached skill level 10 in Shields
  8836 | D:10     | Received a gift from Okawaru
  8865 | D:10     | Found a sparkling altar of Nemelex Xobeh.
  8976 | D:10     | Found a staircase to the Orcish Mines.
  9026 | D:10     | Found a hide-covered altar of Uskayaw.
  9026 | D:10     | Noticed a death yak
  9027 | D:10     | Noticed a death yak
  9028 | D:10     | Noticed a death yak
  9029 | D:10     | Noticed a death yak
  9030 | D:10     | Noticed a death yak
  9031 | D:10     | Noticed a death yak
  9033 | D:10     | Noticed a death yak
  9034 | D:10     | Killed a death yak
  9035 | D:10     | Reached XP level 11. HP: 94/94 MP: 7/10
  9042 | D:10     | Killed a death yak
  9057 | D:10     | Killed a death yak
  9067 | D:10     | Killed a death yak
  9085 | D:10     | Killed a death yak
  9086 | D:10     | Reached skill level 13 in Long Blades
  9091 | D:10     | Killed a death yak
  9094 | D:10     | Killed a death yak
  9290 | D:10     | Noticed a +0 hand axe
  9297 | D:10     | Found a staircase to the Lair.
  9392 | D:10     | Noticed Erolcha
  9393 | D:10     | Noticed a +0 hand axe
  9416 | D:10     | Killed Erolcha
  9862 | D:10     | Found an ancient bone altar of Kikubaaqudgha.
  9872 | D:10     | Found a radiant altar of Vehumet.
  9881 | D:10     | Got Vehumet's Guidebook on Conjuration
  9892 | D:10     | Found a shimmering blue altar of Sif Muna.
  9930 | D:11     | Noticed Nergalle
  9930 | D:11     | Noticed Psyche
  9950 | D:10     | Killed Nergalle
 10064 | D:10     | Killed Psyche
 10102 | D:11     | Noticed a two-headed ogre
 10107 | D:11     | Identified the +0 pair of boots "Pocziw" {rElec rF- Str+8}
                  | (Okawaru gifted it to you on level 11 of the Dungeon)
 10107 | D:11     | Received a gift from Okawaru
 10110 | D:11     | Killed a two-headed ogre
 10287 | D:11     | Noticed a sixfirhy
 10290 | D:11     | Reached skill level 14 in Long Blades
 10307 | D:11     | Reached XP level 12. HP: 80/104 MP: 12/12
 10436 | D:11     | Noticed Snorg
 10453 | D:11     | Killed Snorg
 10745 | Lair:1   | Entered Level 1 of the Lair of Beasts
 11061 | Lair:1   | Reached ****** piety under Okawaru
 11677 | Lair:2   | Found a dark tunnel.
 11686 | Volcano  | Entered a volcano
 11837 | Volcano  | Reached skill level 10 in Fighting
 11869 | Volcano  | Identified the +1 pair of boots "Idou" {-Cast rF++}
                  | (Okawaru gifted it to you in a volcano)
 11869 | Volcano  | Received a gift from Okawaru
 12543 | Lair:2   | Noticed a seven-headed hydra
 12552 | Lair:2   | Killed a three-headed hydra
 12663 | Lair:2   | Found a staircase to the Swamp.
 12830 | Lair:2   | Found a runed translucent door.
 12831 | Lair:2   | Found a shimmering altar of Xom.
 12831 | Lair:2   | Noticed Merkmiralles's ghost (journeyman MiBe)
 12832 | Lair:2   | Identified the +9 battleaxe of the Eleven Seers {chaos, rF+
                  | rC+ MP+9 Int+3}
 12865 | Lair:2   | Found a hole to the Spider Nest.
 12873 | Lair:2   | Reached skill level 15 in Long Blades
 12873 | Lair:2   | Reached XP level 13. HP: 95/114 MP: 13/13
 12876 | Lair:2   | Reached skill level 1 in Axes
 13632 | Lair:3   | Noticed Urug
 13643 | Lair:3   | Killed Urug
 13795 | Lair:3   | Found a burning altar of Makhleb.
 14401 | D:12     | Noticed Kirke
 14438 | D:12     | Killed Kirke
 14439 | D:12     | Reached skill level 5 in Stealth
 14609 | D:12     | Received a gift from Okawaru
 15259 | Orc:1    | Entered Level 1 of the Orcish Mines
 15267 | Orc:1    | Noticed Gastronok
 15306 | Orc:1    | Found a frozen archway.
 15315 | IceCv    | Entered an ice cave
 15890 | IceCv    | Received a gift from Okawaru
 16164 | IceCv    | Reached skill level 16 in Long Blades
 16174 | IceCv    | Noticed a frost giant
 16213 | IceCv    | Killed from afar by a frost giant

Illustrated notes

Levels and vault maps discovered:
D:1:      tarquinn_simple_flora_water_d, layout_loops_ring,
          nicolae_shop_vocational
D:2:      layout_loops_corners
D:3:      layout_loops_ring, biasface_ghost_orc_armoury
D:4:      layout_gridville, nicolae_dithmenos_the_darkroom,
          mainiacjoe_overflow_24_doors, trog_butcher_becter, okawaru_gym_becter,
          mainiacjoe_overflow_catwalk, temple_statues
D:5:      minmay_inner_zag, layout_loops_corners, general_overflow_altar,
          zin_statuary
D:6:      layout_cave_pools, nicolae_overflow_hidden_temple,
          minmay_misc_feat_rows, kennysheep_boxes, uniq_duvessa, uniq_eustachio,
          uniq_pikel
D:7:      layout_rooms, amcnicky_altar_gilded, uniq_prince_ribbit1
D:8:      layout_gridville, bloody_makhleb
D:9:      layout_long_grid
D:10:     layout_basic, palyth_temple_overflow_mages,
          mainiacjoe_overflow_cross_hatched, dancing_weapons_uskayaw,
          dpeg_lair_monsters, orc_0_dummy, uniq_erolcha
D:11:     layout_rooms, uniq_snorg, uniq_nergalle, uniq_psyche
D:12:     layout_irregular_city, uniq_kirke
Lair:1:   layout_chaotic_city, serial_bayou_shore_b, grunt_megastairs_4
Lair:2:   layout_regular_city, minmay_swamp_entry_worms,
          spider_nest_entry_rubble, ebering_ghost_xom,
          nicolae_volcano_entry_vermiform
Lair:3:   layout_gridlike, basic_altar, lemuel_fruit_fields,
          infiniplex_staircase_pool_2, grunt_megastairs_5, uniq_urug
Orc:1:    layout_diamond_mine, portal_ice_cave_entry_pillars_1, uniq_gastronok
IceCv:    ice_cave_caverns_01

Skill      XL: |  1  2  3  4  5  6  7  8  9 10 11 12 13 |
---------------+----------------------------------------+-----
Shields        | 4 5 6 8 10 11 13 14 | 14.6
Armour         | 4 5 6 7 8 9 |  9.9
Fighting       | 4 5 6 7 8 9 10 12 | 12.1
Long Blades    | 3 4 5 6 7 9 11 12 14 15 16 | 16.1
Dodging        | 1 2 3 5 6 7 8 9 |  9.4
Stealth        | 1 2 3 4 5 |  5.5
Invocations    | 1 2 |  2.0
Axes           | 2 |  2.1

Action                     |  1- 3 |  4- 6 |  7- 9 | 10-12 | 13-15 || total
---------------------------+-------+-------+-------+-------+-------++-------
  Melee: Long sword        |    71 |   131 |    79 |       |       ||   281
         Headbutt          |    12 |    24 |    76 |   156 |    80 ||   348
         Falchion          |       |       |   211 |   535 |   103 ||   849
         Hand axe          |       |       |       |     7 |       ||     7
         Double sword      |       |       |       |       |   177 ||   177
 Invoke: Heroism           |       |       |     3 |     7 |     2 ||    12
    Use: Scroll            |     2 |     3 |     4 |    11 |    13 ||    33
         Potion            |     2 |     1 |     1 |     2 |       ||     6
   Stab: Sleeping          |       |       |     4 |     9 |     8 ||    21
 Armour: Scale mail        |    19 |    20 |       |       |       ||    39
         Chain mail        |       |    42 |     7 |       |       ||    49
         Ring mail         |       |       |    77 |   113 |    48 ||   238
  Dodge: Dodged            |    23 |    47 |   102 |   210 |   133 ||   515
  Block: Buckler           |    25 |    21 |       |   239 |   161 ||   446
         Kite shield       |       |    16 |   167 |    89 |       ||   272
         Reflection        |       |       |       |    13 |     2 ||    15
